 Dungeon Crawl Stone Soup version 0.19.5 (webtiles) character file.

1164552 ghjk the Conqueror (level 27, -1/273 HPs)
             Began as a Minotaur Fighter on May 2, 2017.
             Was the Champion of the Shining One.
             Killed from afar by Filol the pandemonium lord (68 damage)
             ... with an iron shot
             ... in Pandemonium on May 3, 2017.
             The game lasted 03:49:12 (90837 turns).

ghjk the Conqueror (Minotaur Fighter)              Turns: 90837, Time: 03:49:13

Health: -1/273     AC:  0    Str: 32      XL:     27
Magic:  39/39      EV: 32    Int:  4 (5)  God:    the Shining One [******]
Gold:   7308       SH:  4    Dex: 12      Spells: 0 memorised, 26 levels left

rFire  . . .     SeeInvis .     (weapon currently unavailable)
rCold  . . .     Gourm    .     (armour currently unavailable)
rNeg   + + +     Faith    .     (shield currently unavailable)
rPois  .         Spirit   .     (helmet currently unavailable)
rElec  .         Reflect  +     (cloak currently unavailable)
rCorr  .         Harm     .     (gloves currently unavailable)
MR     ++...                    (boots currently unavailable)
Stlth  ++........               B - +4 amulet of reflection
                                (ring currently unavailable)
                                (ring currently unavailable)

@: pig-form, glowing, silenced, very quick
A: (retaliatory headbutt), (horns 0), (icy blue scales 0), (deformed body),
deterioration 2, subdued magic 2
a: Renounce Religion
}: 11/15 runes: serpentine, barnacled, slimy, silver, iron, obsidian, icy, bone,
abyssal, demonic, glowing


You were in Pandemonium.
You worshipped the Shining One.
The Shining One was exalted by your worship.
You were not hungry.
You were a filthy swine.
You visited 16 branches of the dungeon, and saw 84 of its levels.
You visited Pandemonium 1 time, and saw 23 of its levels.
You visited the Abyss 2 times.
You visited 1 bazaar.

You collected 10552 gold pieces.
You spent 3244 gold pieces at shops.

Inventory:

Hand Weapons
 y - a +9 executioner's axe of holy wrath (melded)
Armour
 g - a +14 crystal plate armour (melded)
 p - a +2 pair of boots (melded)
 q - a +2 pair of gloves of strength (melded)
 D - the +0 hat of Discretion (melded) {*Contam +Blink rN+++ Str+7}
   (Okawaru gifted it to you on level 4 of the Realm of Zot)

   It affects your strength (+7).
   It renders you almost immune to negative energy.
   It lets you blink.
   It causes magical contamination when unequipped.
 N - the +0 cloak of Inaction {+Inv rC- rN+ rCorr}
   (Okawaru gifted it to you on level 6 of the Lair of Beasts)

   It makes you vulnerable to cold.
   It protects you from negative energy.
   It lets you turn invisible.
   It protects you from acid and corrosion.
 W - the +0 cloak "Anaovyiq" (melded) {rElec rF+}
   (You found it on level 5 of the Vaults)

   It protects you from fire.
   It insulates you from electricity.
Jewellery
 f - the ring "Geagyh" {Ice +Blink Dex+6}
   (You found it on level 7 of Gehenna)

   [ring of ice]

   It enhances your ice magic.
   It affects your dexterity (+6).
   It makes you vulnerable to fire.
   It protects you from cold.
   It lets you blink.
 n - a +5 ring of slaying (melded)
 u - an uncursed ring of see invisible
 B - a +4 amulet of reflection (around neck)
 J - a +1 ring of evasion (melded)
 O - the ring "Lozxuqupa" {rF+ rC+ rN+ Dex-3}
   (You found it in Pandemonium)

   [ring of positive energy]

   It affects your dexterity (-3).
   It protects you from fire.
   It protects you from cold.
   It protects you from negative energy.
 Q - the amulet of Pupetye {Spirit rC- Str+4 SInv}
   (You acquired it on level 3 of the Depths)

   [amulet of guardian spirit]

   It causes incoming damage to be split between your health and magic.
   It affects your strength (+4).
   It makes you vulnerable to cold.
   It lets you see invisible.
 T - a +4 amulet of reflection
 Y - an uncursed ring of protection from fire
Wands
 d - a wand of hasting (3/9)
 h - a wand of digging (14/24)
 l - a wand of digging (7/24)
 v - a wand of teleportation (3/9)
 z - a wand of teleportation (1/9)
 E - a wand of hasting (6/9)
 H - a wand of hasting (2/9)
 U - a wand of lightning (11/15)
 V - a wand of teleportation (7/9)
Scrolls
 j - 12 scrolls of recharging
 s - 8 scrolls of teleportation
 t - 5 scrolls of holy word
 x - 7 scrolls of enchant weapon
 A - 5 scrolls of fog
 C - 6 scrolls of magic mapping
 K - a scroll of blinking
 P - 14 scrolls of identify
 R - 4 scrolls of fear
 X - 21 scrolls of remove curse
 Z - a scroll of silence
Potions
 a - 4 potions of cancellation
 b - 6 potions of brilliance
 e - 6 potions of resistance
 i - 5 potions of agility
 k - 12 potions of flight
 m - 3 potions of might
 r - 4 potions of cure mutation
 F - 2 potions of heal wounds
 L - 9 potions of ambrosia
 M - 2 potions of magic
 S - 2 potions of haste
Books
 w - a manual of Fighting
 G - a manual of Axes
 I - a book of Enchantments

   Spells                             Type                      Level
   a - Cause Fear                     Hexes                        4
   b - Yara's Violent Unravelling     Hexes/Transmutation          5
   c - Silence                        Hexes/Air                    5
   d - Deflect Missiles               Charms/Air                   6
   e - Discord                        Hexes                        8
Comestibles
 c - 9 bread rations
 o - 19 meat rations


   Skills:
 O Level 27 Fighting
 O Level 27 Axes
   Level 2.3(18.8) Maces & Flails
 O Level 27 Armour
 O Level 27 Dodging
 + Level 13.5 Stealth
   Level 14.3 Shields
 O Level 27 Invocations
 * Level 24.2 Evocations


You had 26 spell levels left.
You didn't know any spells.

Dungeon Overview and Level Annotations

Branches:
Dungeon (15/15)            Temple (1/1) D:4            Lair (6/6) D:9
 Shoals (4/4) Lair:4        Snake (4/4) Lair:4        Slime (5/5) Lair:6
    Orc (2/2) D:9             Elf (0/3) Orc:2        Vaults (5/5) D:13
  Crypt (3/3) Vaults:3       Tomb (0/3) Crypt:3      Depths (5/5) D:15
   Hell (1/1)                 Dis (7/7) Hell            Geh (7/7) Hell
    Coc (7/7) Hell            Tar (7/7) Hell            Zot (5/5) Depths:5

Altars:
Ashenzari
Cheibriados
Dithmenos
Elyvilon
Fedhas
Gozag
Hepliaklqana
Kikubaaqudgha
Makhleb
Nemelex Xobeh
Okawaru
Qazlal
Ru
Sif Muna
Trog
Uskayaw
Vehumet
Xom
Yredelemnul
Zin
The Shining One

Shops:
D:5 ?   D:9 [   Orc:2 (!}!   Vaults:1 }   Vaults:4 *   Vaults:5 !%%!
Depths:1 (!?   Depths:3 %   Depths:4 *

Portals:
Hell: Lair:6 Depths:1 Depths:2 Depths:3 Depths:5
Abyss: Depths:3
Pandemonium: Orc:2 Depths:1 Depths:3
Ziggurat: Depths:5
Trove: D:11 (give wand of hasting (9))

Annotations:
Depths:2 exclusion: 2 oklob plants
Geh:2 22 runed doors


Innate Abilities, Weirdness & Mutations

((You reflexively headbutt those who attack you in melee.))
((You have a pair of horns on your head.))
((You are partially covered in icy blue scales. (AC +2)))
((Armour fits poorly on your strangely shaped body.))
Your body often deteriorates upon taking damage.
Your spells are easier to cast, but less powerful.


Message History

The sun demon is severely wounded.
Filol completely misses you. The sun demon closely misses you.
Filol misses you. The sun demon completely misses you.
Unknown command.
You hit the sun demon.
The sun demon is severely wounded.
Filol hits you. The reaper completely misses you. x2
Filol gestures at you. You resist with significant effort.
The sun demon misses you.
Unknown command.
You hit the sun demon.
The sun demon is severely wounded.
You block Filol's attack. The sun demon completely misses you.
The reaper hits you from afar with a scythe of flaming!!
* * * LOW HITPOINT WARNING * * *
The reaper burns you.
* * * LOW HITPOINT WARNING * * *
Filol gestures at you. The iron shot hits you!
You die...

........##[.)....##...##
.......................#
........#######........#
. ........#..
###......#..
###+###.#... ##.....'..
....[...#..∩. #.....#..
........#..... ##.....#
........#.....2##......#
........##....2&h...####
.........#...#.3.......#
.........## #..8......#
..?.......###..........#
###+###................+
.......#.......#.......#
.......#.......#.......#
.......#.......#.......#
.......+.....###


You could see Filol, 2 reapers and a sun demon.

Vanquished Creatures
  Antaeus (Coc:7)
  Asmodeus (Geh:7)
  the Royal Jelly (Slime:5)
  Ereshkigal (Tar:7)
  Mnoleg (Pan)
  the Serpent of Hell (Geh:7)
  Dispater (Dis:7)
  Khufu (Crypt:1)
  The ghost of bananaglory the Sorcerer, a legendary HuCj of Vehumet (Zot:1)
  4 orbs of fire
  Mennas (Vaults:3)
  A juggernaut (Depths:5)
  8 ancient liches
  A greater mummy (Crypt:1)
  15 shard shrikes
  Geryon (Hell)
  5 curse toes
  16 golden dragons
  A profane servitor (Crypt:3)
  7 Killer Klowns (Zot:5)
  The ghost of Doomgape the Wrestler, an adept TrFi of Hepliaklqana (Vaults:5)
  Jory (Vaults:2)
  7 bone dragons
  16 Brimstone Fiends
  A shard shrike zombie (Crypt:2)
  16 Tzitzimimeh
  4 doom hounds
  5 iron giants (Dis:7)
  5 electric golems
  16 tentacled monstrosities
  5 deep elf blademasters
  A hellephant (Hell)
  Jorgrun (Depths:3)
  14 Orb Guardians (Zot:5)
  18 Ice Fiends
  16 Hell Sentinels
  8 pandemonium lords (Pan)
  25 acid blobs
  14 liches
  5 deep elf master archers
  Frances (D:12)
  16 titans
  11 death cobs
  9 quicksilver dragons
  4 eldritch tentacles
  Polyphemus (Shoals:3)
  2 sphinxes
  6 tengu reavers
  9 Executioners
  Murray (Hell)
  A thorn hunter (Depths:2)
  5 tentacled starspawn (Abyss:1)
  11 ancient champions
  3 revenants
  28 shadow dragons
  7 warmongers (Pan)
  Ilsuiw (Shoals:4)
  15 storm dragons
  16 azure jellies
  25 fire giants
  11 nagarajas
  23 frost giants
  9 draconian monks
  3 draconian knights (Zot:1)
  3 draconian scorchers
  A caustic shrike zombie (Depths:4)
  4 ghost moths
  6 iron dragons
  18 balrugs
  16 vault wardens
  Aizul (Snake:2)
  29 cacodemons
  4 draconian zealots
  4 draconian shifters
  A curse skull (Vaults:3)
  46 reapers
  39 very ugly things
  8 war gargoyles
  6 draconian annihilators
  5 ghouls
  10 blood saints (Pan)
  17 ironheart preservers
  5 spriggan defenders
  39 stone giants
  A deep elf demonologist (Depths:3)
  10 corrupters (Pan)
  10 black suns (Pan)
  11 green draconians
  8 draconian callers
  17 vampire knights
  Azrael (Orc:2)
  11 black draconians
  15 yellow draconians
  8 red draconians
  9 purple draconians
  2 dire elephants (Lair:6)
  8 lorocyprocas
  3 spark wasps (Depths:3)
  3 deep elf annihilators
  11 mottled draconians
  14 white draconians
  5 merfolk javelineers
  4 eidola
  A minotaur (shapeshifter) (Vaults:5)
  18 blizzard demons
  13 ettins
  33 jiangshi
  6 death oozes (Slime:5)
  2 kraken zombies
  5 deep elf death magi
  10 green deaths
  2 deep elf high priests (Vaults:5)
  20 yaktaur captains
  12 naga warriors
  5 quicksilver dragon zombies
  9 merfolk impalers
  9 great orbs of eyes
  14 fire dragons
  A great orb of eyes (shapeshifter) (Vaults:2)
  8 quicksilver dragon skeletons
  The ghost of Thomus the Severer, a journeyman MiBe of Trog (D:10)
  5 hell beasts
  35 vault guards
  11 monstrous demonspawn (Pan)
  2 rakshasas
  38 ice dragons
  A ghost crab (Tar:6)
  7 spriggan air magi
  4 alligator snapping turtles
  2 catoblepae
  An ice dragon (shapeshifter) (Vaults:1)
  3 merfolk avatars
  11 hydras
  2 juggernaut simulacra (Pan)
  A spectral stone giant (Crypt:3)
  19 anacondas
  A merfolk aquamancer (Shoals:4)
  3 satyrs
  13 ogre magi
  2 dancing weapons (Vaults:5)
  An alligator (Lair:6)
  9 deep troll shamans
  16 centaur warriors
  8 death knights
  10 death yaks
  5 tengu warriors
  14 hell hogs
  6 deep troll earth magi
  A titan zombie (Coc:7)
  A thrashing horror (Abyss:1)
  10 shock serpents
  11 vampire magi
  16 naga sharpshooters
  5 iron golems
  4 spriggan berserkers
  17 deep elf knights
  6 holy swine (Pan)
  8 storm dragon zombies
  29 soul eaters
  8 orc high priests (Orc:2)
  4 titan skeletons
  51 sun demons
  20 sixfirhies
  4 wretched stars
  5 spriggans
  A hellephant skeleton (Crypt:1)
  A fire crab (shapeshifter) (Vaults:3)
  3 salamander mystics
  43 hell knights
  18 iron trolls
  95 skeletal warriors
  14 shadow wraiths
  A spatial maelstrom (Abyss:1)
  3 storm dragon skeletons
  36 deep trolls
  26 sea snakes
  4 death drakes
  13 anaconda zombies
  14 infernal demonspawn
  17 shadow demons
  A spectral emperor scorpion (Crypt:3)
  13 torturous demonspawn
  37 large abominations
  12 ironbrand convokers
  14 flayed ghosts
  4 ghost moth zombies
  An unseen horror (shapeshifter) (D:14)
  5 unseen horrors
  A glowing orange brain (shapeshifter) (Vaults:5)
  4 golden dragon zombies
  11 gelid demonspawn (Pan)
  7 glowing orange brains
  12 naga ritualists
  6 hill giants
  3 wolf spider zombies
  9 wizards
  22 deep elf archers
  20 necromancers
  15 phantasmal warriors
  A sphinx zombie (Depths:4)
  2 lindwurms
  15 orc knights
  18 mana vipers
  6 shadow dragon zombies
  10 fire giant zombies
  18 harpies
  8 golden dragon skeletons
  An orb spider (Abyss:4)
  2 mana vipers (shapeshifter)
  10 wolf spiders
  53 ugly things
  4 anaconda skeletons
  4 shadow dragon skeletons
  A spectral ettin (Crypt:3)
  An orb spider (shapeshifter) (D:13)
  34 deep elf magi
  A salamander (shapeshifter) (Depths:2)
  3 orc sorcerers (Orc:2)
  4 human zombies
  3 frost giant zombies
  2 tengu skeletons
  3 shining eyes
  7 stone giant zombies
  12 salamanders
  15 fauns
  4 worldbinders
  9 iron dragon zombies
  6 cyclopes
  10 manticores
  2 sphinx skeletons
  7 sirens
  2 frost giant skeletons
  Maurice (D:12)
  4 centaur zombies
  62 black mambas
  6 guardian serpents
  23 moths of wrath
  2 ice statues (Hell)
  5 fire giant skeletons
  A water nymph (shapeshifter) (Vaults:5)
  10 elephants (Lair:5)
  5 stone giant skeletons
  6 dire elephant zombies
  A shock serpent zombie (Geh:4)
  20 vault sentinels
  Psyche (D:9)
  3 water nymphs
  8 molten gargoyles
  26 rust devils
  A spiny frog (shapeshifter) (Depths:4)
  2 eyes of devastation
  27 naga magi
  10 gargoyles
  2 emperor scorpion zombies
  A torpor snail (Lair:6)
  34 smoke demons
  21 orange demons
  5 komodo dragons
  10 spiny frogs
  5 efreet
  6 storm dragon simulacra
  3 titan simulacra (Coc:7)
  A sea snake zombie (Crypt:1)
  30 hellions
  2 catoblepas zombies
  5 dire elephant skeletons
  6 rime drakes
  8 demonic crawlers
  22 tormentors
  2 yaktaurs (shapeshifter)
  47 ice devils
  7 ancient zymes (Abyss:1)
  33 freezing wraiths
  4 komodo dragons (shapeshifter)
  38 yaktaurs
  A grey draconian skeleton (Crypt:1)
  3 elf skeletons
  2 anaconda simulacra (Coc:7)
  5 hellwings
  5 silent spectres
  A golden dragon simulacrum (Depths:2)
  5 trolls
  A tengu conjurer (Depths:2)
  21 merfolk
  2 jumping spiders (shapeshifter)
  3 polar bears
  44 red devils
  A minotaur zombie (Geh:7)
  7 wind drakes
  A wind drake (shapeshifter) (Depths:3)
  18 hydra zombies
  15 two-headed ogres
  10 blink frogs
  4 harpy skeletons
  9 hornets
  92 slime creatures
  4 ice dragon zombies
  5 bog bodies (Coc:7)
  A raiju (shapeshifter) (Vaults:3)
  15 raiju
  4 hydra skeletons
  10 alligator zombies
  A satyr zombie (Crypt:1)
  15 snapping turtles
  4 fire dragon zombies
  11 dream sheep (Lair:6)
  A frost giant simulacrum (Crypt:3)
  3 stone giant simulacra
  21 hippogriffs
  10 ice dragon skeletons
  4 black mamba zombies
  2 alligator skeletons
  2 meliai zombies
  9 air elementals
  A shock serpent simulacrum (Abyss:1)
  115 flying skulls
  7 ettin zombies
  2 fire dragon skeletons
  Sigmund (D:3)
  A tarantella (shapeshifter) (Depths:1)
  16 water elementals
  3 vampires (Crypt:2)
  31 wraiths
  22 shadows
  A human (D:7)
  7 fire bats
  3 elf zombies
  4 wyverns
  A spriggan simulacrum (Depths:4)
  35 ynoxinuls
  3 ettin skeletons
  6 starcursed masses (Abyss:4)
  2 golden eyes (shapeshifter)
  33 fire elementals
  2 black mamba skeletons
  19 chaos spawn
  39 yaks
  5 hungry ghosts
  3 basilisks
  23 neqoxecs
  5 golden eyes (Slime:5)
  3 hogs (D:7)
  A hill giant zombie (Crypt:2)
  Grum (D:9)
  3 steam dragons (Shoals:3)
  4 vampire mosquitoes (D:15)
  3 spatial vortices
  Menkaure (D:6)
  11 hydra simulacra
  An insubstantial wisp (Abyss:1)
  4 mottled dragons
  66 nagas
  A merfolk zombie (Geh:7)
  3 wargs
  15 water moccasins
  8 spiny frog zombies
  The ghost of greprep the Conjurer, an amateur DECj (D:4)
  A hell hound (shapeshifter) (Depths:2)
  A soldier ant (shapeshifter) (Depths:3)
  10 porcupines
  38 hell hounds
  A floating eye (Depths:5)
  12 ice beasts
  A deep troll skeleton (Vaults:1)
  2 manticore zombies (Hell)
  29 necrophages
  7 snapping turtle zombies
  A black bear (D:11)
  9 phantoms
  5 sky beasts
  5 swamp dragon zombies
  5 spiny frog skeletons
  5 eyes of draining
  2 ice dragon simulacra
  46 orc warriors
  2 swamp dragon skeletons
  13 wolves
  32 centaurs
  18 boggarts
  15 small abominations
  50 ogres
  2 manticore skeletons
  5 big kobolds
  8 crocodiles
  2 snapping turtle skeletons
  19 bullfrogs
  A bullfrog (shapeshifter) (D:15)
  A spiny frog simulacrum (Coc:6)
  A glowing shapeshifter simulacrum (Depths:4)
  A wyvern skeleton (D:11)
  A troll zombie (Tar:7)
  3 scorpions
  13 killer bees
  A manticore simulacrum (Coc:1)
  50 wights
  A troll skeleton (Geh:2)
  A yak skeleton (Crypt:1)
  2 electric eels
  A spriggan skeleton (Coc:7)
  7 howler monkeys
  12 crimson imps
  A bullfrog zombie (D:7)
  34 orc wizards
  3 quasits
  2 human simulacra
  26 orc priests
  3 jellies
  8 hounds
  14 iron imps
  3 centaur skeletons
  4 iguanas
  17 worker ants
  6 hell rats (Lair:3)
  3 human skeletons
  A troll simulacrum (Coc:4)
  A tengu zombie (Geh:7)
  An ogre zombie (Tar:2)
  A killer bee zombie (D:5)
  A crocodile skeleton (Crypt:1)
  A hound zombie (D:7)
  6 mummies
  A howler monkey skeleton (D:10)
  A howler monkey zombie (Crypt:2)
  3 worker ant zombies
  A gnoll (D:1)
  15 adders
  14 shadow imps
  12 white imps
  An ufetubus (Abyss:1)
  An adder skeleton (D:4)
  3 worms
  A dart slug (D:4)
  8 leopard geckos
  95 orcs
  7 bats
  3 giant cockroaches
  15 goblins
  7 hobgoblins
  5 jackals
  2 quokkas
  2 ball pythons
  3 frilled lizards
  A giant cockroach zombie (D:6)
  A jackal skeleton (D:7)
  19 kobolds
  A kobold zombie (Dis:6)
  A leopard gecko skeleton (D:6)
  A leopard gecko zombie (D:7)
  2 orc skeletons
  8 rats
  2 bushes (Lair:5)
  6 fungi
  26 plants
  7 starspawn tentacles (Abyss:1)
  6 tentacles
4505 creatures vanquished.

Vanquished Creatures (others)
  A golden dragon (Zot:3)
  A tentacled monstrosity (Zot:3)
  An eldritch tentacle (Pan)
  A draconian knight (Zot:3)
  A draconian scorcher (Zot:3)
  A blood saint (Pan)
  A red draconian (Zot:3)
  2 merfolk javelineers (Shoals:4)
  3 yaktaur captains
  2 satyrs (Shoals:4)
  A hell hog (Geh:4)
  A deep elf archer (Crypt:1)
  A harpy (Shoals:3)
  2 deep elf magi
  2 fauns (Shoals:4)
  A moth of wrath (Zot:3)
  A frost giant skeleton (Geh:4)
  A yaktaur (Vaults:1)
  A tormentor (Hell)
  A fire dragon skeleton (Geh:4)
  A wraith (Geh:7)
  A fire elemental (Geh:3)
  3 chaos spawn (Pan)
  A naga (Snake:4)
  A necrophage (Geh:5)
  An ogre (Depths:1)
  A boggart (Depths:1)
  An orc (Vaults:4)
  8 fungi
  80 plants
  4 starspawn tentacles (Abyss:1)
  4 tentacles
  A withered plant (Depths:4)
133 creatures vanquished.

Grand Total: 4638 creatures vanquished

Notes
Turn   | Place    | Note
-------+----------+-------------------------------------------
     0 | D:1      | ghjk the Minotaur Fighter began the quest for the Orb.
     0 | D:1      | Reached XP level 1. HP: 19/19 MP: 0/0
    73 | D:1      | Reached XP level 2. HP: 25/27 MP: 1/1
   338 | D:1      | Reached XP level 3. HP: 34/34 MP: 2/2
   647 | D:2      | Reached skill level 5 in Fighting
   652 | D:2      | Reached XP level 4. HP: 13/42 MP: 3/3
  1065 | D:2      | Reached skill level 1 in Dodging
  1623 | D:3      | Reached skill level 5 in Armour
  1923 | D:3      | Noticed Sigmund
  1942 | D:3      | Killed Sigmund
  1942 | D:3      | Reached XP level 5. HP: 40/50 MP: 4/4
  1942 | D:3      | Reached XP level 6. HP: 46/57 MP: 5/5
  2131 | D:3      | Found a shimmering altar of Xom.
  2133 | D:3      | Found a blossoming altar of Fedhas.
  2133 | D:3      | Found a stormy altar of Qazlal.
  2135 | D:3      | Found a shattered altar of Ashenzari.
  2135 | D:3      | Found an ancient bone altar of Kikubaaqudgha.
  2135 | D:3      | Found a glowing golden altar of the Shining One.
  2538 | D:4      | Noticed greprep's ghost (amateur DECj)
  2550 | D:4      | Killed greprep's ghost
  2562 | D:4      | Reached XP level 7. HP: 49/64 MP: 6/6
  2739 | D:4      | Found a staircase to the Ecumenical Temple.
  2849 | Temple   | Entered the Ecumenical Temple
  3319 | D:5      | Entered Level 5 of the Dungeon
  3359 | D:5      | Found a hazy altar of Hepliaklqana.
  3467 | D:5      | You fall through a shaft!
  3513 | D:5      | Reached XP level 8. HP: 39/74 MP: 7/7
  3764 | D:5      | Found Jabbo's Magic Scroll Shop.
  3767 | D:5      | Bought a scroll of remove curse for 36 gold pieces
  3767 | D:5      | Bought a scroll of blinking for 90 gold pieces
  4583 | D:6      | Noticed Menkaure
  4586 | D:6      | Killed Menkaure
  4832 | D:6      | Found an ancient bone altar of Kikubaaqudgha.
  4837 | D:6      | Found an iron altar of Okawaru.
  4837 | D:6      | Found a blossoming altar of Fedhas.
  4838 | D:6      | Found a deep blue altar of Sif Muna.
  4838 | D:6      | Found a shadowy altar of Dithmenos.
  4838 | D:6      | Found a glowing golden altar of the Shining One.
  4838 | D:6      | Found a radiant altar of Vehumet.
  4846 | D:6      | Became a worshipper of Warmaster Okawaru
  4992 | D:6      | Found a sacrificial altar of Ru.
  5168 | D:7      | Reached skill level 10 in Armour
  5168 | D:7      | Reached XP level 9. HP: 72/85 MP: 8/8
  5177 | D:7      | Reached * piety under Okawaru
  5177 | D:7      | Reached skill level 10 in Fighting
  5553 | D:7      | Reached ** piety under Okawaru
  5589 | D:7      | Reached skill level 5 in Dodging
  5923 | D:7      | Noticed a hill giant
  6366 | D:7      | Gained mutation: You are somewhat resistant to further mutation. [potion of beneficial mutation]
  6415 | D:7      | Reached skill level 5 in Axes
  6554 | D:8      | Reached XP level 10. HP: 56/96 MP: 9/9
  7020 | D:8      | Reached *** piety under Okawaru
  7203 | D:8      | Identified the Tome of Dusty Combat Magic
  7905 | D:9      | Found a staircase to the Lair.
  7906 | D:9      | Noticed Grum
  7916 | D:9      | Reached **** piety under Okawaru
  7932 | D:9      | Killed Grum
  8170 | D:9      | Noticed Psyche
  8171 | D:9      | Received a gift from Okawaru
  8175 | D:9      | Cast into level 2 of the Abyss (Psyche)
  8232 | D:9      | Escaped the Abyss
  8242 | D:9      | Killed Psyche
  8244 | D:9      | Reached skill level 10 in Axes
  8600 | D:9      | Found Tuniho Imua's Antique Armour Emporium.
  8611 | D:9      | Bought a pair of warped boots for 142 gold pieces
  8621 | D:9      | Identified the cursed +0 pair of boots "Plog" {Stlth+} (You bought it in a shop on level 9 of the Dungeon)
  8808 | D:9      | Reached ***** piety under Okawaru
  8808 | D:9      | Reached XP level 11. HP: 60/104 MP: 10/10
  8904 | D:9      | Found a staircase to the Orcish Mines.
  9064 | D:10     | Entered Level 10 of the Dungeon
  9517 | D:10     | Noticed Thomus's ghost (journeyman MiBe)
  9527 | D:10     | Killed Thomus's ghost
  9527 | D:10     | Received a gift from Okawaru
  9851 | D:10     | Noticed a hill giant
  9856 | D:10     | Killed a hill giant
 10825 | D:11     | Noticed a hill giant
 10830 | D:11     | Killed a hill giant
 10832 | D:11     | Found a portal to a secret trove of treasure.
 10856 | D:11     | Found a frozen archway.
 10857 | D:11     | Noticed an ice dragon
 11440 | D:11     | Killed an ice dragon
 11440 | D:11     | Reached XP level 12. HP: 27/113 MP: 11/11
 12003 | D:12     | Noticed Maurice
 12029 | D:12     | Killed Maurice
 12106 | D:12     | Noticed Frances
 12129 | D:12     | Killed Frances
 12383 | D:13     | Reached ****** piety under Okawaru
 12411 | D:13     | Reached skill level 15 in Axes
 12414 | D:13     | Received a gift from Okawaru
 12478 | D:13     | Noticed a seven-headed hydra
 12487 | D:13     | Killed a seven-headed hydra
 12959 | D:13     | Found a gate to the Vaults.
 13191 | D:14     | Noticed a centaur warrior
 13201 | D:14     | Killed a centaur warrior
 13208 | D:14     | Noticed a centaur warrior
 13215 | D:14     | Noticed a six-headed hydra
 13220 | D:14     | Killed a centaur warrior
 13231 | D:14     | Killed a six-headed hydra
 13231 | D:14     | Reached skill level 1 in Maces & Flails
 13667 | D:14     | Reached XP level 13. HP: 122/122 MP: 12/12
 13853 | D:14     | Received a gift from Okawaru
 14007 | D:14     | Found a radiant altar of Vehumet.
 14336 | D:14     | Noticed a war gargoyle
 14356 | D:14     | Killed a war gargoyle
 15014 | D:15     | Entered Level 15 of the Dungeon
 15451 | D:15     | Found a staircase to the Depths.
 16045 | Depths:1 | Entered Level 1 of the Depths
 16045 | Depths:1 | Noticed an ettin
 16236 | Lair:1   | Entered Level 1 of the Lair of Beasts
 16869 | Lair:1   | Received a gift from Okawaru
 17753 | Lair:2   | Reached XP level 14. HP: 121/132 MP: 13/13
 18045 | Lair:2   | Received a gift from Okawaru
 18052 | Lair:2   | Got a smoking battleaxe {god gift}
 18054 | Lair:2   | Identified the +7 battleaxe of Okawaru's Reproof {vamp, +Fly Stlth+} (Okawaru gifted it to you on level 2 of the Lair of Beasts)
 18522 | Lair:3   | Found a dark tunnel.
 19052 | Lair:4   | Found a staircase to the Snake Pit.
 19463 | Lair:4   | Reached skill level 15 in Armour
 19636 | Lair:4   | Reached skill level 5 in Shields
 19950 | Lair:4   | Received a gift from Okawaru
 20015 | Lair:4   | Got a polished broad axe {god gift}
 20016 | Lair:4   | Identified the +11 broad axe of Fragile Peace {pain, rElec Dex+5} (Okawaru gifted it to you on level 4 of the Lair of Beasts)
 20082 | Lair:4   | Found a staircase to the Shoals.
 20836 | Lair:6   | Entered Level 6 of the Lair of Beasts
 20890 | Lair:6   | Reached skill level 15 in Fighting
 21173 | Lair:6   | Found a staircase to the Slime Pits.
 21619 | Lair:6   | Found a burning altar of Makhleb.
 21670 | Lair:6   | Reached XP level 15. HP: 121/141 MP: 14/14
 21675 | Lair:6   | Received a gift from Okawaru
 21895 | Lair:6   | Found a gateway to Hell.
 22307 | Lair:6   | Received a gift from Okawaru
 22318 | Lair:6   | Got an ancient cloak {god gift}
 22329 | Lair:6   | Identified the +0 cloak of Inaction {+Inv rC- rN+ rCorr} (Okawaru gifted it to you on level 6 of the Lair of Beasts)
 22572 | Orc:1    | Entered Level 1 of the Orcish Mines
 23078 | Orc:2    | Entered Level 2 of the Orcish Mines
 23306 | Orc:2    | Found Xeste's Distillery.
 23307 | Orc:2    | Found Anakky's Distillery.
 23576 | Orc:2    | Bought a potion of curing for 51 gold pieces
 23576 | Orc:2    | Bought a potion of curing for 51 gold pieces
 23576 | Orc:2    | Bought a potion of curing for 51 gold pieces
 23578 | Orc:2    | Bought a potion of heal wounds for 70 gold pieces
 23578 | Orc:2    | Bought a potion of cure mutation for 350 gold pieces
 23578 | Orc:2    | Bought a potion of curing for 42 gold pieces
 23631 | Orc:2    | Noticed Azrael
 23647 | Orc:2    | Killed Azrael
 23747 | Orc:2    | Found a staircase to the Elven Halls.
 24258 | Orc:2    | Found Suseor's Gadget Emporium.
 24258 | Orc:2    | Found Wifobof's Antique Weapon Shoppe.
 24258 | Orc:2    | Found a one-way gate leading to the halls of Pandemonium.
 24266 | Orc:2    | Bought a wand of hasting (2/9) for 468 gold pieces
 24862 | Depths:1 | Found Zigeh's Antique Weapon Shoppe.
 24868 | Depths:1 | Noticed a fire giant
 24871 | D:15     | Lost mutation: You are somewhat resistant to further mutation. [potion of cure mutation]
 25475 | Snake:1  | Entered Level 1 of the Snake Pit
 25578 | Snake:1  | Received a gift from Okawaru
 26975 | Snake:2  | Reached XP level 16. HP: 144/152 MP: 15/15
 26997 | Snake:2  | Noticed Aizul
 27009 | Snake:2  | Killed Aizul
 28926 | Snake:2  | Received a gift from Okawaru
 30527 | Snake:4  | Entered Level 4 of the Snake Pit
 30837 | Snake:4  | Received a gift from Okawaru
 31328 | Snake:4  | Received a gift from Okawaru
 32071 | Snake:4  | Reached XP level 17. HP: 64/163 MP: 16/16
 33053 | Snake:4  | Reached skill level 10 in Shields
 34530 | Snake:3  | Received a gift from Okawaru
 35034 | Snake:4  | Received a gift from Okawaru
 35088 | Snake:4  | Got an ichor-stained executioner's axe {god gift}
 36101 | Snake:4  | Received a gift from Okawaru
 36133 | Snake:3  | Reached skill level 10 in Dodging
 36839 | Snake:4  | Received a gift from Okawaru
 37463 | Snake:4  | Reached XP level 18. HP: 156/176 MP: 17/17
 37819 | Snake:4  | Got a serpentine rune of Zot
 38014 | Shoals:1 | Entered Level 1 of the Shoals
 38349 | Shoals:1 | Identified the +1 executioner's axe of the Moth {chop, Int+3} (Okawaru gifted it to you on level 4 of the Snake Pit)
 39604 | Shoals:2 | You fall through a shaft!
 39632 | Shoals:4 | Entered Level 4 of the Shoals
 40141 | Shoals:3 | Noticed Polyphemus
 40168 | Shoals:3 | Killed Polyphemus
 40567 | Shoals:3 | Received a gift from Okawaru
 42186 | Shoals:4 | Received a gift from Okawaru
 42331 | Shoals:4 | Noticed Ilsuiw
 42407 | Shoals:4 | Killed Ilsuiw
 43182 | Shoals:4 | Reached XP level 19. HP: 157/185 MP: 18/18
 43528 | Shoals:4 | Got a barnacled rune of Zot
 43946 | Vaults:1 | Entered Level 1 of the Vaults
 44927 | Vaults:1 | Found Rierit Osarph's Gadget Boutique.
 45660 | Vaults:1 | Received a gift from Okawaru
 46491 | Vaults:2 | Received a gift from Okawaru
 46696 | Vaults:2 | Noticed Jory
 46720 | Vaults:2 | Killed Jory
 47518 | Vaults:2 | Received a gift from Okawaru
 47518 | Vaults:2 | Reached XP level 20. HP: 188/198 MP: 19/19
 47674 | Vaults:2 | Reached skill level 1 in Invocations
 47830 | Vaults:2 | Received a gift from Okawaru
 48403 | Vaults:3 | Found a staircase to the Crypt.
 48447 | Vaults:3 | Got a pair of blackened boots
 48899 | Vaults:3 | Identified the +1 pair of boots of the Flute {-Tele rElec Int+5} (You found it on level 3 of the Vaults)
 49765 | Vaults:3 | Noticed Mennas
 49818 | Vaults:3 | Killed Mennas
 49818 | Vaults:3 | Received a gift from Okawaru
 50386 | Vaults:4 | Found Haudghog's Assorted Antiques.
 50535 | Vaults:4 | Reached XP level 21. HP: 209/209 MP: 23/23
 51076 | Vaults:4 | Received a gift from Okawaru
 51094 | Vaults:4 | Got an ivory broad axe {god gift}
 51095 | Vaults:4 | Identified the +0 broad axe of Superiority {chop, Str+5} (Okawaru gifted it to you on level 4 of the Vaults)
 51356 | Vaults:4 | Reached skill level 5 in Invocations
 51549 | Vaults:5 | Entered Level 5 of the Vaults
 51556 | Vaults:5 | Received a gift from Okawaru
 51632 | Vaults:5 | Noticed an ancient lich
 51667 | Vaults:5 | HP: 9/213 [green death][an ancient lich] (11)]
 51668 | Vaults:4 | HP: 4/213 [poisoned by a green death (poison gas)]
 52088 | Vaults:5 | Noticed Doomgape's ghost (adept TrFi)
 52118 | Vaults:5 | Killed Doomgape's ghost
 52121 | Vaults:5 | Killed an ancient lich
 52141 | Vaults:5 | Received a gift from Okawaru
 52594 | Vaults:5 | Reached XP level 22. HP: 222/222 MP: 25/25
 52666 | Vaults:5 | Noticed a golden dragon
 52691 | Vaults:5 | Killed a golden dragon
 52790 | Vaults:5 | Got a heavily runed cloak
 52802 | Vaults:5 | Identified the cursed +0 cloak "Anaovyiq" {rElec rF+} (You found it on level 5 of the Vaults)
 53054 | Vaults:5 | Received a gift from Okawaru
 53135 | Vaults:5 | Got a silver rune of Zot
 53491 | Vaults:5 | Received a gift from Okawaru
 53592 | Vaults:5 | Found Viuw's Food Shop.
 53608 | Vaults:5 | Found Bequyn's Distillery.
 53613 | Vaults:5 | Bought a potion of berserk rage for 65 gold pieces
 53613 | Vaults:5 | Bought a potion of curing for 39 gold pieces
 53613 | Vaults:5 | Bought a potion of heal wounds for 65 gold pieces
 53613 | Vaults:5 | Bought a potion of curing for 39 gold pieces
 53613 | Vaults:5 | Bought a potion of curing for 39 gold pieces
 53613 | Vaults:5 | Bought a potion of cure mutation for 325 gold pieces
 53629 | Vaults:5 | Found Iphidogum's Food Shoppe.
 53784 | Vaults:5 | Found Goomimnu's Distillery.
 53804 | Vaults:5 | Bought a potion of heal wounds for 60 gold pieces
 53804 | Vaults:5 | Bought a potion of heal wounds for 60 gold pieces
 53808 | Vaults:5 | Identified Owiv's Volume of Displacement and the Rocks
 54406 | Depths:1 | Received a gift from Okawaru
 54467 | Depths:1 | Found Matt's Magic Scroll Shop.
 54477 | Depths:1 | Found a snail-covered altar of Cheibriados.
 54484 | Depths:1 | Bought a scroll of enchant armour for 127 gold pieces
 54522 | Depths:1 | Found Beaneodgh's Food Shoppe.
 54555 | Depths:1 | Reached XP level 23. HP: 205/234 MP: 28/28
 54817 | Depths:1 | Found Cohetiq's Distillery.
 54837 | Depths:1 | Bought a potion of heal wounds for 100 gold pieces
 54955 | Depths:1 | Gained mutation: Your flesh is heat resistant. (rF+) [potion of beneficial mutation]
 56170 | Depths:3 | Paralysed by a vampire knight for 5 turns
 56207 | Depths:3 | Reached skill level 15 in Dodging
 56593 | Depths:3 | Found a one-way gate to the infinite horrors of the Abyss.
 56620 | Depths:3 | Noticed Jorgrun
 56637 | Depths:3 | Killed Jorgrun
 56637 | Depths:3 | Received a gift from Okawaru
 56785 | Depths:3 | Received a gift from Okawaru
 57234 | Depths:3 | Reached XP level 24. HP: 247/247 MP: 29/29
 57257 | Depths:3 | Identified a scroll of acquirement
 57263 | Depths:3 | Got a clouded emerald amulet
 57266 | Depths:3 | Identified the amulet of Pupetye {Spirit rC- Str+4 SInv} (You acquired it on level 3 of the Depths)
 57358 | Depths:3 | Found Eppoifah's Food Shop.
 57456 | Depths:4 | Received a gift from Okawaru
 57467 | Depths:4 | Noticed an ancient lich
 57782 | Depths:4 | Killed an ancient lich
 57782 | Depths:4 | Reached skill level 27 in Fighting
 58231 | Depths:4 | Identified the Handbook of Evil Magic
 58376 | Depths:4 | Reached skill level 10 in Invocations
 58561 | Depths:4 | Received a gift from Okawaru
 58786 | Depths:4 | Found Toporof's Serpentskin Sales.
 58853 | Depths:5 | Entered Level 5 of the Depths
 58968 | Depths:5 | Noticed a juggernaut
 58975 | Depths:5 | Killed a juggernaut
 59026 | Depths:5 | Found a gateway to a ziggurat.
 59045 | Depths:5 | Found a flickering gateway to a bazaar.
 59054 | Bazaar   | Entered a bazaar
 59056 | Bazaar   | Found Ilumup's Armour Boutique.
 59060 | Bazaar   | Found Ade Addo's Assorted Antiques.
 59060 | Bazaar   | Found Ceceitygh's Distillery.
 59061 | Bazaar   | Found Eqeejuph's Magic Scroll Boutique.
 59066 | Bazaar   | Bought a scroll of identify for 32 gold pieces
 59066 | Bazaar   | Bought a scroll of identify for 32 gold pieces
 59066 | Bazaar   | Bought a scroll of identify for 32 gold pieces
 59076 | Bazaar   | Bought 2 potions of might for 80 gold pieces
 59076 | Bazaar   | Bought 2 potions of might for 80 gold pieces
 59076 | Bazaar   | Bought a potion of might for 40 gold pieces
 59076 | Bazaar   | Bought 2 potions of curing for 60 gold pieces
 59263 | Depths:5 | Found a gate to the Realm of Zot.
 59735 | Depths:3 | Reached skill level 27 in Axes
 60096 | Lair:5   | Received a gift from Okawaru
 60157 | Slime:1  | Entered Level 1 of the Pits of Slime
 60175 | Slime:1  | Paralysed by a great orb of eyes for 7 turns
 60258 | Slime:3  | Reached XP level 25. HP: 257/257 MP: 30/30
 60298 | Slime:4  | Gained mutation: You are partially covered in yellow scales. (AC +2) [a shining eye]
 60300 | Slime:4  | Gained mutation: You expend magic power (3 MP) to strengthen your wands. [a shining eye]
 60421 | Slime:5  | Entered Level 5 of the Pits of Slime
 60812 | Slime:5  | Noticed the Royal Jelly
 60834 | Slime:5  | Killed the Royal Jelly
 60991 | Slime:5  | Got a slimy rune of Zot
 61018 | Slime:5  | Received a gift from Okawaru
 61230 | Slime:5  | Gained mutation: Your magical capacity is low. (-10% MP) [a shining eye]
 61964 | Zot:1    | Entered Level 1 of the Realm of Zot
 62102 | Zot:1    | Noticed an orb of fire
 62116 | Zot:1    | Killed an orb of fire
 62630 | Zot:1    | Noticed bananaglory's ghost (legendary HuCj)
 62640 | Zot:1    | Killed bananaglory's ghost
 62721 | Zot:1    | Received a gift from Okawaru
 62747 | Zot:1    | Reached XP level 26. HP: 118/266 MP: 27/27
 63867 | Zot:2    | Received a gift from Okawaru
 64435 | Zot:3    | Received a gift from Okawaru
 64870 | Zot:3    | Noticed an orb of fire
 65102 | Zot:3    | Reached skill level 27 in Armour
 65294 | Zot:3    | Noticed an orb of fire
 65297 | Zot:3    | Gained mutation: Potions and wands are less effective at restoring your health. [an orb of fire]
 65301 | Zot:3    | Gained mutation: Your magical capacity is very low. (-20% MP) [an orb of fire]
 65304 | Zot:3    | Gained mutation: You are frail. (-10% HP) [an orb of fire]
 65320 | Zot:3    | Killed an orb of fire
 65320 | Zot:3    | Received a gift from Okawaru
 66285 | Zot:4    | Reached XP level 27. HP: 229/245 MP: 25/25
 66783 | Zot:4    | Received a gift from Okawaru
 67039 | Zot:4    | Got an ancient hat {god gift}
 67050 | Zot:4    | Identified the +0 hat of Discretion {*Contam +Blink rN+++ Str+7} (Okawaru gifted it to you on level 4 of the Realm of Zot)
 67803 | Zot:5    | Entered Level 5 of the Realm of Zot
 67811 | Zot:5    | Reached skill level 15 in Invocations
 68585 | Zot:5    | Noticed an ancient lich
 68593 | Zot:5    | Killed an ancient lich
 68593 | Zot:5    | Received a gift from Okawaru
 68627 | Zot:5    | Noticed an orb of fire
 68633 | Zot:5    | Gained mutation: You are very frail. (-20% HP) [an orb of fire]
 68635 | Zot:5    | Killed an orb of fire
 68701 | Zot:5    | Noticed an ancient lich
 68712 | Zot:5    | Killed an ancient lich
 68740 | Zot:5    | Noticed an ancient lich
 68781 | Zot:5    | Noticed an ancient lich
 68791 | Zot:5    | Killed an ancient lich
 68911 | Zot:5    | Received a gift from Okawaru
 68948 | Zot:5    | Noticed an orb of fire
 68956 | Zot:5    | Gained mutation: You tend to lose your temper in combat. [an orb of fire]
 68957 | Zot:5    | Killed an orb of fire
 69042 | Zot:5    | Noticed an ancient lich
 69047 | Zot:5    | Killed an ancient lich
 69269 | Zot:5    | Received a gift from Okawaru
 69363 | Zot:5    | Paralysed by an ancient lich for 7 turns
 69372 | Zot:5    | Killed an ancient lich
 69548 | Hell     | Entered the Vestibule of Hell
 69548 | Hell     | Noticed Geryon
 69580 | Hell     | Killed Geryon
 69823 | Hell     | Received a gift from Okawaru
 69826 | Hell     | Found a gateway to the decaying netherworld of Tartarus.
 69889 | Hell     | Noticed Murray
 69899 | Hell     | Killed Murray
 69946 | Hell     | Found a gateway to the ashen valley of Gehenna.
 70473 | D:6      | Fell from the grace of Okawaru
 70473 | D:6      | Became a worshipper of the Shining One
 71025 | Crypt:1  | Entered Level 1 of the Crypt
 71044 | Crypt:1  | Reached * piety under the Shining One
 71405 | Crypt:1  | Noticed Khufu
 71417 | Crypt:1  | Killed Khufu
 71417 | Crypt:1  | Reached ** piety under the Shining One
 71442 | Crypt:1  | Lost mutation: Your magical capacity is very low. (-20% MP) [potion of cure mutation]
 71442 | Crypt:1  | Lost mutation: You expend magic power (3 MP) to strengthen your wands. [potion of cure mutation]
 71442 | Crypt:1  | Lost mutation: Your magical capacity is low. (-10% MP) [potion of cure mutation]
 71442 | Crypt:1  | Lost mutation: Your flesh is heat resistant. (rF+) [potion of cure mutation]
 71443 | Crypt:1  | Lost mutation: You are partially covered in yellow scales. (AC +2) [potion of cure mutation]
 71443 | Crypt:1  | Lost mutation: You are very frail. (-20% HP) [potion of cure mutation]
 71443 | Crypt:1  | Lost mutation: You are frail. (-10% HP) [potion of cure mutation]
 71443 | Crypt:1  | Lost mutation: You tend to lose your temper in combat. [potion of cure mutation]
 71443 | Crypt:1  | Lost mutation: Potions and wands are less effective at restoring your health. [potion of cure mutation]
 71461 | Crypt:1  | Noticed a greater mummy
 71502 | Crypt:1  | Killed a greater mummy
 71777 | Crypt:1  | Reached *** piety under the Shining One
 72030 | Crypt:1  | Reached **** piety under the Shining One
 72175 | Crypt:2  | Reached ***** piety under the Shining One
 72453 | Crypt:2  | Found a basalt altar of Yredelemnul.
 72692 | Crypt:3  | Entered Level 3 of the Crypt
 72692 | Crypt:3  | Reached ****** piety under the Shining One
 72925 | Crypt:3  | Found an ancient bone altar of Kikubaaqudgha.
 73338 | Crypt:3  | Found a staircase to the Tomb.
 73552 | Crypt:3  | The Shining One protects you from harm!
 73596 | Crypt:3  | HP: 8/273 [mirror damage (12)]
 74010 | D:6      | Identified a +9 executioner's axe of holy wrath (a +9 vampiric executioner's axe blessed by the Shining One)
 74010 | D:6      | Received a gift from the Shining One
 74424 | Hell     | Found a gateway to the Iron City of Dis.
 74574 | Tar:1    | Entered Level 1 of Tartarus
 75260 | Tar:3    | Was forgiven by Okawaru
 75965 | Tar:7    | Entered Level 7 of Tartarus
 76375 | Tar:7    | Noticed Ereshkigal
 76377 | Tar:7    | Paralysed by Ereshkigal for 7 turns
 76394 | Tar:7    | Killed Ereshkigal
 76420 | Tar:7    | Got a bone rune of Zot
 76629 | Geh:1    | Entered Level 1 of Gehenna
 76671 | Geh:2    | Found a huge runed gate.
 76671 | Geh:2    | Found a huge runed gate.
 76671 | Geh:2    | Found a huge runed gate.
 76671 | Geh:2    | Found a huge runed gate.
 76671 | Geh:2    | Found a huge runed gate.
 76671 | Geh:2    | Found a huge runed gate.
 76671 | Geh:2    | Found a huge runed gate.
 76671 | Geh:2    | Found a huge runed gate.
 76672 | Geh:2    | Found a huge runed gate.
 76673 | Geh:2    | Found a huge runed gate.
 76809 | Geh:2    | Found a huge runed gate.
 76809 | Geh:2    | Found a huge runed gate.
 76809 | Geh:2    | Found a huge runed gate.
 76809 | Geh:2    | Found a huge runed gate.
 76811 | Geh:2    | Found a huge runed gate.
 76812 | Geh:2    | Found a huge runed gate.
 76813 | Geh:2    | Found a huge runed gate.
 76908 | Geh:2    | Found a huge runed gate.
 76908 | Geh:2    | Found a huge runed gate.
 76908 | Geh:2    | Found a huge runed gate.
 76908 | Geh:2    | Found a huge runed gate.
 76908 | Geh:2    | Found a huge runed gate.
 77858 | Geh:5    | Reached skill level 27 in Dodging
 77961 | Geh:5    | Reached skill level 1 in Evocations
 78207 | Geh:7    | Entered Level 7 of Gehenna
 78451 | Geh:7    | Noticed the Serpent of Hell
 78458 | Geh:7    | Killed the Serpent of Hell
 78560 | Geh:7    | Noticed Asmodeus
 78571 | Geh:7    | Killed Asmodeus
 78615 | Geh:7    | Got a warped steel ring
 78624 | Geh:7    | Identified the Tome of Earthen Orientation
 78652 | Geh:7    | Got an obsidian rune of Zot
 79012 | Dis:1    | Entered Level 1 of the Iron City of Dis
 79316 | Dis:2    | Reached skill level 1 in Stealth
 79788 | Dis:7    | Entered Level 7 of the Iron City of Dis
 80075 | Dis:7    | Reached skill level 5 in Stealth
 80293 | Dis:7    | Noticed Dispater
 80311 | Dis:7    | Killed Dispater
 80356 | Dis:7    | Identified Bocovi's Papyrus of Attacks
 80361 | Dis:7    | Got an iron rune of Zot
 80567 | Hell     | Found a gateway to the freezing wastes of Cocytus.
 80578 | Hell     | Identified the ring "Geagyh" {Ice +Blink Dex+6} (You found it on level 7 of Gehenna)
 80582 | Coc:1    | Entered Level 1 of Cocytus
 80614 | Coc:2    | Reached skill level 27 in Invocations
 80616 | Coc:2    | Reached skill level 5 in Evocations
 81712 | Coc:7    | Entered Level 7 of Cocytus
 81757 | Coc:7    | Reached skill level 10 in Evocations
 81948 | Coc:7    | Reached skill level 10 in Stealth
 82145 | Coc:7    | Noticed Antaeus
 82174 | Coc:7    | HP: 13/263 [the effects of Hell (7)]
 83170 | Coc:7    | Killed Antaeus
 83170 | Coc:7    | Reached skill level 15 in Evocations
 83190 | Coc:7    | Got an icy rune of Zot
 83702 | Depths:1 | Bought a meat ration for 60 gold pieces
 83702 | Depths:1 | Bought a meat ration for 60 gold pieces
 83702 | Depths:1 | Bought a bread ration for 60 gold pieces
 83702 | Depths:1 | Bought a meat ration for 60 gold pieces
 83702 | Depths:1 | Bought a beef jerky for 18 gold pieces
 83702 | Depths:1 | Bought a bread ration for 60 gold pieces
 83702 | Depths:1 | Bought a meat ration for 60 gold pieces
 83702 | Depths:1 | Bought a slice of pizza for 18 gold pieces
 83702 | Depths:1 | Bought a bread ration for 60 gold pieces
 83702 | Depths:1 | Bought a bread ration for 60 gold pieces
 83702 | Depths:1 | Bought a beef jerky for 18 gold pieces
 83702 | Depths:1 | Bought a royal jelly for 24 gold pieces
 83702 | Depths:1 | Bought a bread ration for 60 gold pieces
 83803 | Depths:3 | Voluntarily entered the Abyss.
 84767 | Abyss:4  | Noticed an ancient lich
 84773 | Abyss:4  | Killed an ancient lich
 84795 | Abyss:4  | Got an abyssal rune of Zot
 84863 | Depths:3 | Escaped the Abyss
 84924 | Pan      | Entered Pandemonium
 84995 | Pan      | Found an exit through the horrors of the Abyss.
 85533 | Pan      | Gained mutation: Scrolls take you a little longer to read. [a cacodemon]
 85628 | Pan      | Gained mutation: You tend to lose your temper in combat. [a cacodemon]
 85629 | Pan      | Gained mutation: You are occasionally teleported next to monsters. [a cacodemon]
 85630 | Pan      | Gained mutation: You are clumsy. (Dex -2) [a cacodemon]
 85640 | Pan      | Noticed Highoyty the pandemonium lord
 85644 | Pan      | Killed Highoyty the pandemonium lord
 85777 | Pan      | Lost mutation: You are clumsy. (Dex -2) [potion of cure mutation]
 85777 | Pan      | Lost mutation: You are occasionally teleported next to monsters. [potion of cure mutation]
 85777 | Pan      | Lost mutation: You tend to lose your temper in combat. [potion of cure mutation]
 86057 | Pan      | Found an exit through the horrors of the Abyss.
 86901 | Pan      | Found an exit through the horrors of the Abyss.
 87204 | Pan      | Noticed Qeudied the pandemonium lord
 87215 | Pan      | Killed Qeudied the pandemonium lord
 87307 | Pan      | Entered the realm of Mnoleg.
 87327 | Pan      | Gained mutation: You expend magic power (3 MP) to strengthen your wands. [a neqoxec]
 87328 | Pan      | Noticed Mnoleg
 87340 | Pan      | Gained mutation: Your spells are a little easier to cast, but a little less powerful. [a neqoxec]
 87360 | Pan      | Killed Mnoleg
 87404 | Pan      | Got a glowing rune of Zot
 87637 | Pan      | Gained mutation: Your body sometimes deteriorates upon taking damage. [a cacodemon]
 87710 | Pan      | Found an exit through the horrors of the Abyss.
 87768 | Pan      | Gained mutation: Your spells are easier to cast, but less powerful. [a cacodemon]
 87864 | Pan      | Found an exit through the horrors of the Abyss.
 87866 | Pan      | Gained mutation: You are clumsy. (Dex -2) [a neqoxec]
 87941 | Pan      | Noticed Kecliv the pandemonium lord
 87955 | Pan      | Killed Kecliv the pandemonium lord
 88115 | Pan      | Lost mutation: You expend magic power (3 MP) to strengthen your wands. [potion of cure mutation]
 88115 | Pan      | Lost mutation: Scrolls take you a little longer to read. [potion of cure mutation]
 88115 | Pan      | Lost mutation: Your body sometimes deteriorates upon taking damage. [potion of cure mutation]
 88115 | Pan      | Lost mutation: You are clumsy. (Dex -2) [potion of cure mutation]
 88853 | Pan      | Noticed Ducrusch the pandemonium lord
 88874 | Pan      | Killed Ducrusch the pandemonium lord
 89549 | Pan      | Found an exit through the horrors of the Abyss.
 89772 | Pan      | Noticed Buupit the pandemonium lord
 89863 | Pan      | Noticed Kamomove the pandemonium lord
 89881 | Pan      | Killed Kamomove the pandemonium lord
 89990 | Pan      | Noticed Dimn the pandemonium lord
 90000 | Pan      | Killed Dimn the pandemonium lord
 90269 | Pan      | Gained mutation: Your body sometimes deteriorates upon taking damage. [a cacodemon]
 90424 | Pan      | Found an exit through the horrors of the Abyss.
 90431 | Pan      | Gained mutation: You are partially covered in icy blue scales. (AC +2) [a neqoxec]
 90433 | Pan      | Noticed Justrour the pandemonium lord
 90440 | Pan      | Killed Justrour the pandemonium lord
 90472 | Pan      | Noticed Wecs the pandemonium lord
 90477 | Pan      | Gained mutation: Your body often deteriorates upon taking damage. [a cacodemon]
 90479 | Pan      | Gained mutation: Armour fits poorly on your strangely shaped body. [a neqoxec]
 90499 | Pan      | Killed Wecs the pandemonium lord
 90503 | Pan      | Got a demonic rune of Zot
 90719 | Pan      | Got a shimmering wooden ring
 90720 | Pan      | Identified the ring "Lozxuqupa" {rF+ rC+ rN+ Dex-3} (You found it in Pandemonium)
 90822 | Pan      | Noticed Filol the pandemonium lord
 90837 | Pan      | Killed from afar by Filol the pandemonium lord

Skill      XL: |  1  2  3  4  5  6  7  8  9 10 11 12 13 14 15 16 17 18 19 20 21 22 23 24 25 26 27 |
---------------+----------------------------------------------------------------------------------+-----
Fighting       | 4 5 6 7 9 11 12 13 14 15 16 18 19 20 21 22 24 25 26 27 | 27.0
Armour         | 4 5 6 8 10 11 12 13 14 15 16 17 18 19 20 21 22 25 27 | 27.0
Dodging        | 2 3 4 5 7 8 10 11 12 13 14 15 16 17 18 27 | 27.0
Axes           | 5 10 14 16 18 19 20 21 22 23 24 25 27 | 27.0
Maces & Flails | 1 2 |  2.3
Shields        | 4 7 8 9 11 12 13 14 | 14.3
Invocations    | 4 6 8 9 10 12 13 27 | 27.0
Evocations     | 24 | 24.2
Stealth        | 13 | 13.5

Action                   |  1- 3 |  4- 6 |  7- 9 | 10-12 | 13-15 | 16-18 | 19-21 | 22-24 | 25-27 || total
-------------------------+-------+-------+-------+-------+-------+-------+-------+-------+-------++-------
Melee: War axe           |    91 |   105 |   423 |   560 |       |       |       |       |       ||  1179
       Headbutt          |     7 |    10 |    76 |   156 |   249 |   414 |   397 |   431 |  1358 ||  3098
       Broad axe         |       |       |       |   102 |  1047 |  1463 |   796 |       |       ||  3408
       Morningstar       |       |       |       |    10 |       |       |       |       |       ||    10
       Battleaxe         |       |       |       |       |       |       |   464 |   827 |   633 ||  1924
       Executioner's axe |       |       |       |       |       |       |       |   528 |  4051 ||  4579
       Unarmed           |       |       |       |       |       |       |       |       |    18 ||    18
Invok: Heroism           |       |       |       |     2 |     1 |       |     1 |       |       ||     4
       Finesse           |       |       |       |       |       |       |     2 |       |     3 ||     5
       Brand Weapon With |       |       |       |       |       |       |       |       |     1 ||     1
Evoke: Wand              |       |       |       |       |       |       |       |     3 |     1 ||     4
  Use: Scroll            |     4 |     4 |     8 |    13 |    12 |     6 |    19 |    14 |    29 ||   109
       Potion            |       |     1 |     1 |     5 |     2 |    10 |     6 |     3 |    38 ||    66
 Stab: Distracted        |       |       |       |       |       |       |       |       |     3 ||     3
  Eat: Chunk             |       |     6 |    12 |     6 |     8 |     2 |     4 |       |       ||    38
       Pizza             |       |       |     1 |     6 |     1 |     2 |       |     5 |     5 ||    20
       Fruit             |       |       |       |     6 |    10 |     6 |     2 |     3 |     9 ||    36
       Beef jerky        |       |       |       |     6 |     5 |     3 |     3 |     2 |     7 ||    26
       Bread ration      |       |       |       |       |     1 |     7 |     5 |     2 |    10 ||    25
       Meat ration       |       |       |       |       |     2 |     2 |       |     2 |     6 ||    12
       Royal jelly       |       |       |       |       |       |       |       |       |     2 ||     2
Armor: Scale mail        |    41 |    22 |       |       |       |       |       |       |       ||    63
       Chain mail        |       |    29 |    32 |       |       |       |       |       |       ||    61
       Plate armour      |       |       |   399 |   478 |   432 |   484 |   370 |       |       ||  2163
       Crystal plate arm |       |       |       |       |       |       |       |   972 |  2505 ||  3477
Dodge: Dodged            |    27 |    27 |   160 |   169 |   233 |   450 |   441 |   681 |  3078 ||  5266
Block: Shield            |    56 |    53 |   245 |   336 |   455 |   841 |   534 |       |       ||  2520
       Reflection        |       |       |       |       |       |    28 |    95 |     4 |    12 ||   139
       Other             |       |       |       |       |       |       |    41 |   129 |   546 ||   716
